 Dungeon Crawl Stone Soup version 0.24.0-13-gcf9b319 (webtiles) character file.

Game seed: 2682921563029675134, levelgen mode: deterministic

51583 Fortress the Devastator (level 14, -1/129 HPs)
             Began as a Black Draconian Conjurer on Jan 8, 2020.
             Was a High Priest of Vehumet.
             Slain by a demonic crawler (4 damage)
             ... on level 4 of the Lair of Beasts on Jan 9, 2020.
             The game lasted 02:57:49 (23999 turns).

Fortress the Devastator (Black Draconian Conjurer) Turns: 23999, Time: 02:57:50

Health: -1/129     AC: 12    Str:  9    XL:     14   Next: 24%
Magic:  15/27      EV: 13    Int: 21    God:    Vehumet [*****.]
Gold:   744        SH:  0    Dex: 23    Spells: 3/31 levels left

rFire    + . .     SeeInvis .   p - +11 dagger of Cumess {drain, rElec MR- Int+3 Dex+6}
rCold    + + .     Gourm    .   (no shield)
rNeg     . . .     Faith    .   (armour unavailable)
rPois    +         Spirit   .   (helmet restricted)
rElec    +         Reflect  .   J - scarf {repulsion}
rCorr    .         Harm     .   R - +1 pair of gloves of Pan-Flutes {rPois rF+ MR+ Regen+ Slay+2}
MR       +....                  m - +1 pair of boots
Stlth    +++.......             G - amulet of the acrobat
HPRegen  0.71/turn              T - ring of Ytagrauq {+Blink rC++ Str-2 Dex+3 Stlth+}
MPRegen  0.20/turn              L - ring of wizardry

@: repel missiles
A: breathe lightning, unfitting armour, big wings, electricity resistance,
cold-blooded, AC +8
a: Breathe Lightning, Fly, Renounce Religion, Evoke Blink


You were on level 4 of the Lair of Beasts.
You worshipped Vehumet.
Vehumet was extremely pleased with you.
You were not hungry.

You visited 4 branches of the dungeon, and saw 18 of its levels.
You also visited: Sewer.

You collected 1192 gold pieces.
You spent 448 gold pieces at shops.

Inventory:

Hand Weapons
 p - the +11 dagger of Cumess (weapon) {drain, rElec MR- Int+3 Dex+6}
   (You found it on level 4 of the Dungeon)

   A truly terrible weapon, it drains the life of those it strikes.
   It affects your intelligence (+3).
   It affects your dexterity (+6).
   It insulates you from electricity.
   It affects your resistance to hostile enchantments.
 D - a +0 dire flail of holy wrath
 V - a +0 arbalest of freezing
Missiles
 l - 4 atropa-tipped darts (quivered)
 w - 83 poisoned darts
 x - 4 silver boomerangs
 A - 3 curare-tipped darts
Armour
 m - a +1 pair of boots (worn)
 J - a scarf of repulsion (worn)
 R - the +1 pair of gloves of Pan-Flutes (worn) {rPois rF+ MR+ Regen+ Slay+2}
   (You found it on level 4 of the Lair of Beasts)

   It affects your accuracy and damage with ranged weapons and melee attacks
   (+2).
   It protects you from fire.
   It protects you from poison.
   It affects your resistance to hostile enchantments.
   It increases your rate of regeneration.
Jewellery
 G - an amulet of the acrobat (around neck)
 L - a ring of wizardry (right hand)
 T - the ring of Ytagrauq (left hand) {+Blink rC++ Str-2 Dex+3 Stlth+}
   (You found it on level 6 of the Lair of Beasts)

   [ring of stealth]

   It affects your strength (-2).
   It affects your dexterity (+3).
   It greatly protects you from cold.
   It lets you blink.
   It makes you more stealthy.
Wands
 q - a wand of polymorph (11)
 t - a wand of acid (17)
 I - a wand of flame (25)
Scrolls
 a - 4 scrolls of enchant weapon
 c - 3 scrolls of identify
 d - 2 scrolls of blinking
 h - 3 scrolls of immolation
 k - 6 scrolls of teleportation
 r - 5 scrolls of enchant armour
 u - a scroll of brand weapon {unknown}
 y - a scroll of summoning {unknown}
 z - 7 scrolls of remove curse
 E - 4 scrolls of magic mapping
 H - 3 scrolls of fog
 M - a scroll of fear
 P - a scroll of vulnerability {unknown}
Potions
 e - a potion of ambrosia
 f - a potion of invisibility
 g - a potion of cancellation {unknown}
 i - 7 potions of curing
 j - 3 potions of resistance
 o - 3 potions of might
 s - 2 potions of haste
 v - 2 potions of magic
 B - 2 potions of brilliance {unknown}
 C - 3 potions of lignification
 F - 4 potions of flight
 O - a potion of mutation {unknown}
 Q - a potion of agility {unknown}
 W - 2 potions of berserk rage
Comestibles
 b - 24 rations


   Skills:
 + Level 13.0 Fighting
 + Level 9.3 Short Blades
 - Level 2.0 Dodging
 - Level 2.0 Stealth
 - Level 9.0 Spellcasting
 - Level 15.1 Conjurations
 * Level 7.3 Air Magic
 - Level 7.0 Evocations


You had 3 spell levels left.
You knew the following spells:

 Your Spells              Type           Power        Failure   Level  Hunger
a - Magic Dart            Conj           ####         0%          1    None
b - Searing Ray           Conj           ######       0%          2    None
c - Iskenderun's Mystic   Conj           ######..     1%          4    ###....
d - Sting                 Conj/Pois      ####         1%          1    None
e - Mephitic Cloud        Conj/Pois/Air  #####...     1%          3    None
f - Lightning Bolt        Conj/Air       ######....   1%          5    #####..
g - Fireball              Conj/Fire      #####.....   1%          5    #####..
h - Orb of Destruction    Conj           ######....   1%          7    #######

Your spell library contained the following spells:

 Spells                   Type           Power        Failure   Level  Hunger
 Ozocubu's Refrigeration  Ice            #.........   65%         6    ######.
 Flame Tongue             Conj/Fire      #####        1%          1    None
 Freeze                   Ice            #...         1%          1    None
 Throw Flame              Conj/Fire      #####.       1%          2    None
 Throw Frost              Conj/Ice       #####.       1%          2    None
 Conjure Flame            Conj/Fire      #####...     1%          3    None
 Dazzling Spray           Conj/Hex       #####.       1%          3    None
 Inner Flame              Hex/Fire       #.......     2%          3    None
 Ozocubu's Armour         Chrm/Ice       #.......     9%          3    None
 Force Lance              Conj/Tloc      #####...     1%          4    ###....
 Fulminant Prism          Conj/Hex       #####.....   1%          4    ###....
 Sticky Flame             Conj/Fire      #####...     1%          4    ###....
 Throw Icicle             Conj/Ice       #####...     1%          4    ###....
 Iskenderun's Battlesphe  Conj/Chrm      #####...     1%          5    #####..
 Venom Bolt               Conj/Pois      #####.....   1%          5    #####..
 Bolt of Magma            Conj/Fire/Erth ####......   3%          5    #####..
 Iron Shot                Conj/Erth      #####.....   6%          6    ######.
 Silence                  Hex/Air        ###.......   17%         5    #####..
 Yara's Violent Unravell  Hex/Tmut       #.........   21%         5    #####..
 Cause Fear               Hex            #.........   26%         4    ###....
 Summon Ice Beast         Ice/Summ       #.......     26%         4    ###....
 Spellforged Servitor     Conj/Summ      #####.....   26%         7    #######
 Deflect Missiles         Chrm/Air       ###.......   65%         6    ######.
 Discord                  Hex            #.........   100%        8    #######


Dungeon Overview and Level Annotations

Branches:
Dungeon (10/15)            Temple (1/1) D:7            Lair (6/6) D:10
 Shoals (0/4) Lair:3       Spider (1/4) Lair:4        Slime (0/5) Lair:5
  Sewer (visited)
    Orc: D:9-12

Altars:
Ashenzari
Cheibriados
Dithmenos
Elyvilon
Fedhas
Gozag
Hepliaklqana
Kikubaaqudgha
Makhleb
Nemelex Xobeh
Okawaru
Qazlal
Ru
Sif Muna
Trog
Uskayaw
Vehumet
Wu Jian
Xom
Yredelemnul
Zin
The Shining One
Jiyva

Shops:
D:5 =   D:9 =(?[%

Portals:
Trove: D:10 (give +6 ice dragon scales)

Annotations:
D:8 Erica
D:9 3 runed translucent doors, queenofzan's ghost, novice MiBe


Innate Abilities, Weirdness & Mutations

You can breathe wild blasts of lightning.
Your glossy black scales are hard. (AC +8)
You cannot fit into any form of body armour.
Your large and strong wings let you fly indefinitely.
You are resistant to electric shocks. (rElec)
You are cold-blooded and may be slowed by cold attacks.


Message History

The demonic crawler hits you.
* * * LOW HITPOINT WARNING * * *
You feel better.
The demonic crawler hits you but does no damage.
The demonic crawler misses you. The demonic crawler barely misses you.
The demonic crawler hits you but does no damage.
The demonic crawler hits you.
* * * LOW HITPOINT WARNING * * *
The demonic crawler hits you but does no damage.
You feel better.
The demonic crawler barely misses you. x2
The demonic crawler hits you but does no damage.
The demonic crawler hits you!
* * * LOW HITPOINT WARNING * * *
The demonic crawler hits you!
* * * LOW HITPOINT WARNING * * *
The demonic crawler hits you.
* * * LOW HITPOINT WARNING * * *
The demonic crawler hits you but does no damage.
The demonic crawler hits you.
You die...

##### #.##.# ....#
##..## ....### #...#
....#.# ###...#
......###.P...#
..............#####
..............#P..#
.....#####.......###
.....## ##....s@.P#
<...#.# #.....s..P#
.....## ##..#.....##
.#.### ##.........##
#### #..#........##
##.##.........#
##..##.......###
##..###.......#
##.....#P#.#####


You could see 2 demonic crawlers.

Vanquished Creatures
  3 hydras (Lair:6)
  4 two-headed ogres
  A catoblepas (Lair:6)
  Urug (Lair:4)
  Nergalle (Lair:4)
  4 oklob plants (Lair:6)
  A wolf spider (Spider:1)
  3 merfolk sirens (Lair:3)
  4 elephants (Lair:4)
  6 black mambas
  24 spiny frogs
  A rime drake (Lair:6)
  A demonic crawler (Spider:1)
  8 komodo dragons
  2 jumping spiders (Spider:1)
  A merfolk (Lair:3)
  4 tyrant leeches (Lair:6)
  24 blink frogs
  Grinder (D:4)
  6 hippogriffs
  Sigmund (D:5)
  4 wyverns
  12 redbacks
  46 yaks
  2 basilisks
  Eustachio (D:6)
  Edmund (D:6)
  A steam dragon (D:7)
  6 vampire mosquitoes (Lair:6)
  Menkaure (D:4)
  17 water moccasins
  12 porcupines
  A phantom (D:6)
  Duvessa (D:4)
  2 ice beasts
  3 sky beasts
  5 orc warriors
  A black bear (D:10)
  A necrophage (D:9)
  5 ogres
  A wolf (Lair:2)
  5 centaurs
  13 crocodiles
  2 big kobolds
  Blork the orc (D:6)
  29 bullfrogs
  Dowan (D:4)
  4 scorpions
  13 killer bees
  13 wights
  6 electric eels
  5 crimson imps
  2 centaur zombies (D:6)
  4 hounds
  A centaur skeleton (D:9)
  2 quasits
  11 orc priests
  A bullfrog skeleton (D:3)
  2 jellies (D:10)
  Jessica (D:2)
  3 iguanas
  8 orc wizards
  8 worker ants
  3 hound skeletons
  A howler monkey zombie (D:6)
  A worker ant zombie (D:9)
  16 adders
  3 shadow imps
  An ooze (D:2)
  An adder zombie (D:8)
  An adder skeleton (D:8)
  5 worms
  3 dart slugs
  13 leopard geckos
  31 orcs
  7 bats
  15 giant cockroaches
  8 goblins
  4 hobgoblins
  3 jackals (D:10)
  A quokka (D:5)
  3 ball pythons
  18 frilled lizards
  16 kobolds
  9 rats
  A plant (Lair:6)
523 creatures vanquished.

Vanquished Creatures (collateral kills)
  An orb spider (Spider:1)
  A redback (Spider:1)
2 creatures vanquished.

Vanquished Creatures (others)
  10 fungi
  34 plants
44 creatures vanquished.

Grand Total: 569 creatures vanquished

Notes
Turn   | Place    | Note
-------+----------+-------------------------------------------
     0 | D:1      | Fortress the Draconian Conjurer began the quest for the
                  | Orb.
     0 | D:1      | Reached XP level 1. HP: 14/14 MP: 3/3
   195 | D:1      | Reached XP level 2. HP: 19/20 MP: 0/5
   691 | D:2      | Noticed Jessica
   699 | D:2      | Killed Jessica
   699 | D:2      | Reached XP level 3. HP: 7/26 MP: 0/6
   931 | D:2      | Reached skill level 5 in Conjurations
  1124 | D:2      | Reached XP level 4. HP: 33/33 MP: 0/7
  1783 | D:3      | Found a sacrificial altar of Ru.
  2461 | D:3      | Reached XP level 5. HP: 38/38 MP: 2/9
  3097 | D:2      | Reached skill level 6 in Conjurations
  3909 | D:3      | Reached XP level 6. HP: 36/45 MP: 5/11
  4375 | D:4      | Your scales start taking on a glossy black colour.
  4375 | D:4      | Reached XP level 7. HP: 50/50 MP: 7/14
  4375 | D:4      | Gained mutation: You are resistant to electric shocks.
                  | (rElec) [Black Draconian growth]
  4483 | D:4      | Found a hazy altar of Hepliaklqana.
  4487 | D:4      | Learned a level 2 spell: Searing Ray
  4492 | D:4      | Learned a level 4 spell: Iskenderun's Mystic Blast
  4507 | D:4      | Noticed Dowan
  4508 | D:4      | Noticed Duvessa
  4747 | D:4      | HP: 3/75 [Duvessa/+0 short sword (2)]
  4748 | D:4      | Killed Duvessa
  4748 | D:4      | Reached skill level 5 in Spellcasting
  4748 | D:4      | Reached skill level 7 in Conjurations
  4749 | D:4      | Killed Dowan
  5065 | D:4      | Got a brightly glowing dagger
  5066 | D:4      | Identified the +11 dagger of Cumess {drain, rElec MR- Int+3
                  | Dex+6} (You found it on level 4 of the Dungeon)
  5170 | D:4      | Reached skill level 1 in Fighting
  5182 | D:4      | Noticed Menkaure
  5195 | D:4      | Killed Menkaure
  5195 | D:4      | Reached skill level 1 in Short Blades
  5475 | D:4      | Found a shimmering blue altar of Sif Muna.
  5475 | D:4      | Found a snail-covered altar of Cheibriados.
  5477 | D:4      | Found a radiant altar of Vehumet.
  5477 | D:4      | Found an ancient bone altar of Kikubaaqudgha.
  5479 | D:4      | Found a stormy altar of Qazlal.
  5480 | D:4      | Found a shimmering altar of Xom.
  5499 | D:4      | Became a worshipper of Vehumet
  5546 | D:4      | Noticed Grinder
  5548 | D:4      | Paralysed by Grinder for 3 turns
  5554 | D:4      | Paralysed by Grinder for 7 turns
  5565 | D:4      | Killed Grinder
  5565 | D:4      | Reached XP level 8. HP: 39/66 MP: 4/15
  5738 | D:5      | Entered Level 5 of the Dungeon
  5848 | D:5      | Found Liraak's Jewellery Emporium.
  5988 | D:5      | Noticed Sigmund
  5997 | D:5      | Killed Sigmund
  5997 | D:5      | Reached skill level 5 in Fighting
  6034 | D:5      | Found a glowing drain.
  6061 | Sewer    | Entered a sewer
  6303 | Sewer    | Reached * piety under Vehumet
  6303 | Sewer    | Offered knowledge of Sting by Vehumet.
  6309 | Sewer    | Learned a level 1 spell: Sting
  7383 | D:6      | Noticed Eustachio
  7384 | D:6      | Killed Eustachio
  7384 | D:6      | Reached skill level 5 in Short Blades
  7417 | D:6      | Reached XP level 9. HP: 78/78 MP: 11/16
  7886 | D:6      | Found an opulent altar of Gozag.
  7889 | D:6      | Found a glowing silver altar of Zin.
  7892 | D:6      | Found an ornate altar of the Wu Jian Council.
  7926 | D:6      | Noticed Blork the orc
  7934 | D:6      | Killed Blork the orc
  7938 | D:6      | Reached skill level 8 in Conjurations
  8032 | D:6      | Noticed Edmund
  8052 | D:6      | Killed Edmund
  8061 | D:6      | HP: 3/81 [orc warrior/+0 glaive (18)]
  8649 | D:6      | Reached ** piety under Vehumet
  8649 | D:6      | Offered knowledge of Sandblast by Vehumet.
  8790 | D:7      | Reached skill level 9 in Conjurations
  8849 | D:7      | Found a staircase to the Ecumenical Temple.
  8867 | Temple   | Entered the Ecumenical Temple
  9462 | D:8      | Offered knowledge of Mephitic Cloud by Vehumet.
  9467 | D:8      | Learned a level 3 spell: Mephitic Cloud
  9531 | D:7      | Reached XP level 10. HP: 88/88 MP: 16/19
 10125 | D:8      | Noticed Erica
 10189 | D:8      | Reached skill level 10 in Conjurations
 10194 | D:8      | Learned a level 3 spell: Dazzling Spray
 10200 | D:8      | Reached *** piety under Vehumet
 10484 | D:8      | Noticed a two-headed ogre
 10501 | D:8      | Killed a two-headed ogre
 10711 | D:8      | Found a sacrificial altar of Ru.
 11142 | D:5      | Bought an uncursed ring of wizardry for 420 gold pieces
 11222 | D:9      | Offered knowledge of Ignite Poison by Vehumet.
 11405 | D:9      | Found a white marble altar of Elyvilon.
 11463 | D:8      | Reached skill level 11 in Conjurations
 11719 | D:9      | Reached **** piety under Vehumet
 11888 | D:9      | Found Qousiclij's Jewellery Boutique.
 11889 | D:9      | Found Tinuasm's Antique Weapon Emporium.
 11895 | D:9      | Found Foid's Magic Scroll Boutique.
 11898 | D:9      | Found Leczasui's Armour Shoppe.
 11912 | D:9      | Bought a scroll of fog for 28 gold pieces
 11932 | D:9      | Found a runed translucent gate.
 11932 | D:9      | Found a runed translucent gate.
 11933 | D:9      | Found a runed translucent gate.
 11973 | D:9      | Noticed queenofzan's ghost (novice MiBe)
 11983 | D:9      | Offered knowledge of Bolt of Magma by Vehumet.
 12160 | D:9      | Found Lik Foib's Food Shoppe.
 12214 | D:9      | Learned a level 5 spell: Fireball
 12222 | D:9      | Learned a level 7 spell: Orb of Destruction
 12330 | D:10     | Entered Level 10 of the Dungeon
 12453 | D:10     | Reached XP level 11. HP: 94/94 MP: 19/24
 12654 | D:10     | Noticed a two-headed ogre
 12666 | D:10     | Killed a two-headed ogre
 12666 | D:10     | Reached skill level 1 in Evocations
 12767 | D:10     | Noticed a white ugly thing
 12828 | D:10     | Noticed a two-headed ogre
 12830 | D:10     | Noticed a two-headed ogre
 12844 | D:10     | Killed a two-headed ogre
 12852 | D:10     | Killed a two-headed ogre
 12852 | D:10     | Reached skill level 12 in Conjurations
 13067 | D:10     | Found a staircase to the Lair.
 13264 | D:10     | Found a portal to a secret trove of treasure.
 13393 | Lair:1   | Entered Level 1 of the Lair of Beasts
 14331 | Lair:1   | Reached ***** piety under Vehumet
 14705 | Lair:2   | Reached skill level 13 in Conjurations
 14833 | Lair:2   | Offered knowledge of Lightning Bolt by Vehumet.
 14841 | Lair:2   | Learned a level 5 spell: Lightning Bolt
 15457 | Lair:2   | Reached skill level 5 in Evocations
 15457 | Lair:2   | Reached XP level 12. HP: 35/104 MP: 19/25
 16773 | Lair:3   | Reached skill level 14 in Conjurations
 16915 | Lair:3   | Found a staircase to the Shoals.
 17287 | Lair:4   | Noticed Urug
 17315 | Lair:4   | Reached skill level 10 in Fighting
 17716 | Lair:4   | Noticed Nergalle
 17721 | Lair:4   | Killed Nergalle
 18002 | Lair:4   | Killed Urug
 18291 | Lair:4   | Found a hole to the Spider Nest.
 19199 | Lair:4   | Got a pair of ancient gloves
 19210 | Lair:4   | Identified the +1 pair of gloves of Pan-Flutes {rPois rF+
                  | MR+ Regen+ Slay+2} (You found it on level 4 of the Lair of
                  | Beasts)
 19438 | Lair:5   | Reached skill level 15 in Conjurations
 19589 | Lair:5   | Reached XP level 13. HP: 93/114 MP: 11/26
 19742 | Lair:5   | Reached skill level 1 in Air Magic
 20148 | Lair:5   | Found a viscous altar of Jiyva.
 20149 | Lair:5   | Found a staircase to the Slime Pits.
 20776 | Lair:6   | Entered Level 6 of the Lair of Beasts
 21327 | Lair:5   | Reached skill level 5 in Air Magic
 22517 | Lair:6   | Got a brightly glowing copper ring
 22557 | Lair:6   | Identified the ring of Ytagrauq {+Blink rC++ Str-2 Dex+3
                  | Stlth+} (You found it on level 6 of the Lair of Beasts)
 22657 | Lair:6   | Offered knowledge of Ozocubu's Refrigeration by Vehumet.
 22926 | Lair:6   | Gained mutation: Your large and strong wings let you fly
                  | indefinitely. [Black Draconian growth]
 22926 | Lair:6   | Reached XP level 14. HP: 94/127 MP: 8/27
 23151 | Lair:6   | Got a clouded platinum ring
 23152 | Lair:6   | Identified the ring "Maulair" {AC+3 Str+2 Dex+2} (You found
                  | it on level 6 of the Lair of Beasts)
 23887 | Spider:1 | Entered Level 1 of the Spider Nest
 23997 | Lair:4   | HP: 4/129 [demonic crawler (6)]
 23999 | Lair:4   | Slain by a demonic crawler

Levels and vault maps discovered:
D:1:      giann_wishing_wells, layout_rooms
D:2:      layout_basic, uniq_jessica
D:3:      minmay_razor_zed, layout_basic, nicolae_ru_sacrificial_ziggurat
D:4:      layout_basic, grunt_temple_overflow_open, marbit_many_paths,
          first_ration, st_stairs_13, uniq_duvessa, uniq_grinder, uniq_menkaure
D:5:      layout_loops_ring, serial_shops, shop, gup_sewer_entry_glass,
          minmay_lizard_king, uniq_sigmund
D:6:      layout_loops_ring, grunt_temple_overflow_diamond, uniq_edmund,
          uniq_eustachio, uniq_blork_the_orc
D:7:      layout_gridville, minmay_temple_entry_statues
D:8:      layout_cave_pods, lemuel_coloured_pillars_altar, uniq_erica
D:9:      layout_rooms, lemuel_crystal_altar, serial_shops, shop, shop, shop,
          shop, nicolae_shop_stone, gammafunk_ghost_icy
D:10:     layout_basic, grunt_lair_entry_orc_guard_hut, enter_trove_2
Temple:   jpeg_temple_alley_garden
Lair:1:   layout_regular_city, serial_bayou_shore_a, grunt_megastairs_1,
          lemuel_fruit_fields
Lair:2:   layout_gridlike, beast_lair_carwin_8
Lair:3:   layout_gridlike, elwin_shoals_entry_stream,
          cheibrodos_lair_reptile_den
Lair:4:   layout_cave_pods, spider_nest_entry_webs, uniq_nergalle, uniq_urug
Lair:5:   layout_cave_pods, slime_altar_1, grunt_megastairs_2,
          infiniplex_staircase_pool_2
Lair:6:   minmay_lair_end_frog_pond, layout_cave_shapes, serial_bayou_crossing,
          minmay_lair_oklob_chamber, serial_bayou_shore_b
Spider:1: layout_spider_delve, hangedman_spider_tarantella_strand

Skill      XL: |  1  2  3  4  5  6  7  8  9 10 11 12 13 14 |
---------------+-------------------------------------------+-----
Dodging        | 2 |  2.0
Conjurations   | 5 6 7 9 11 13 15 | 15.1
Stealth        | 2 |  2.0
Spellcasting   | 3 4 5 6 9 |  9.0
Fighting       | 3 6 8 9 10 12 13 | 13.0
Short Blades   | 2 5 8 9 |  9.3
Evocations     | 5 6 7 |  7.0
Air Magic      | 6 7 |  7.3

Action                   |  1- 3 |  4- 6 |  7- 9 | 10-12 | 13-15 || total
-------------------------+-------+-------+-------+-------+-------++-------
Melee: Unarmed           |     4 |       |       |       |       ||     4
       Dagger            |     7 |    13 |    95 |   315 |   380 ||   810
       Tailslap          |       |     4 |    16 |    45 |    75 ||   140
       Short sword       |       |    14 |    23 |       |       ||    37
       Dire flail        |       |       |       |       |     2 ||     2
 Cast: Magic Dart        |    53 |   164 |   220 |   452 |   168 ||  1057
       Iskenderun's Myst |       |       |     9 |    28 |    21 ||    58
       Searing Ray       |       |       |    17 |    85 |    47 ||   149
       Sting             |       |       |       |     2 |     2 ||     4
       Mephitic Cloud    |       |       |       |     1 |     2 ||     3
       Lightning Bolt    |       |       |       |     3 |    16 ||    19
 Abil: Evoke Blink       |       |       |       |       |     3 ||     3
  Use: Scroll            |       |    14 |     9 |     3 |     7 ||    33
       Potion            |       |       |     4 |     2 |     8 ||    14
 Stab: Sleeping          |       |       |     3 |     1 |       ||     4
  Eat: Chunk             |     1 |     7 |    11 |    23 |     7 ||    49
       Ration            |       |     1 |     2 |     3 |     4 ||    10
Armor: Skin              |     8 |     9 |   109 |   123 |   127 ||   376
Dodge: Dodged            |     7 |    23 |   178 |   414 |   463 ||  1085
